 Dungeon Crawl Stone Soup version 0.24.0-10-g970556be89 (webtiles) character file.

Game seed: 3570936987910901654, levelgen mode: deterministic

112 magipi the Chucker (level 4, -8/40 HPs)
             Began as a Minotaur Assassin on Nov 4, 2019.
             Killed by nerve-wracking pain
             ... invoked by an orc priest
              (11 damage)
             ... on level 3 of the Dungeon.
             The game lasted 00:06:14 (2058 turns).

magipi the Chucker (Minotaur Assassin)              Turns: 2058, Time: 00:06:14

Health: -8/40      AC:  6    Str: 17    XL:     4   Next: 64%
Magic:  3/3        EV: 16    Int:  8    God:
Gold:   119        SH:  0    Dex: 16    Spells: 3/3 levels left

rFire    + . .     SeeInvis .   a - +2 dagger
rCold    + . .     Gourm    .   (no shield)
rNeg     . . .     Faith    .   j - +0 ring mail
rPois    +         Spirit   .   (helmet restricted)
rElec    +         Reflect  .   c - +0 cloak
rCorr    +         Harm     .   (no gloves)
MR       .....                  (no boots)
Stlth    +++.......             (no amulet)
HPRegen  0.13/turn              (no ring)
MPRegen  0.08/turn              (no ring)

@: agile, resistant
A: retaliatory headbutt, horns 2
a: no special abilities


You were on level 3 of the Dungeon.
You were not hungry.

You visited 1 branch of the dungeon, and saw 3 of its levels.

You collected 119 gold pieces.

Inventory:

Hand Weapons
 a - a +2 dagger (weapon)
Missiles
 d - a poisoned dart (quivered)
Armour
 c - a +0 cloak (worn)
 j - a +0 ring mail (worn)
   (You found it on level 2 of the Dungeon)
Scrolls
 g - 2 scrolls of identify {unknown}
 i - 2 scrolls of amnesia {unknown}
 m - a scroll of remove curse {unknown}
Potions
 k - a potion of might {unknown}
 n - a potion of flight {unknown}
Comestibles
 f - 5 rations


   Skills:
 + Level 3.9 Fighting
 - Level 2.1 Short Blades
 * Level 4.2 Throwing
 - Level 1.1 Dodging
 - Level 3.2 Stealth


You had 3 spell levels left.
You didn't know any spells.
Your spell library contained the following spells:

 Spells                   Type           Power        Failure   Level  Hunger
 Magic Dart               Conj           #...         63%         1    ##.....
 Blink                    Tloc           N/A          77%         2    ###....
 Call Imp                 Summ           #.......     77%         2    ###....
 Slow                     Hex            #.......     77%         2    ###....
 Conjure Flame            Conj/Fire      #.......     94%         3    ####...
 Mephitic Cloud           Conj/Pois/Air  #.......     94%         3    ####...


Dungeon Overview and Level Annotations

Branches:
Dungeon (3/15)

Altars:
Vehumet
Beogh


Innate Abilities, Weirdness & Mutations

You reflexively headbutt those who attack you in melee.
You have a pair of horns on your head.


Message History

Unknown command.
The orc priest looks encouraged for a moment.
There is an open door here.
There is a stone staircase leading up here.
You climb upwards.
There is a stone staircase leading down here.
There is a stone staircase leading down here.
You climb downwards.
A goblin comes into view.
There is a stone staircase leading up here.
Unknown command.
The helpless goblin fails to defend itself.
You impale the goblin!!
You kill the goblin!
No target in view!
No target in view!
Found a gold piece.
You now have 119 gold pieces (gained 1).
Unknown command.
Unknown command.
Quiver which item? (- for none, * to show all) (? for menu, Esc to quit)
Okay, then.
Unknown command.
Unknown command.
Throwing (i - inventory. (/) - cycle)
d - 4 poisoned darts (quivered)
Press: ? - help, Shift-Dir - straight line, f - orc priest
Aim: an orc priest (hasn't noticed you)
You throw a poisoned dart. The poisoned dart hits the orc priest!
The orc priest is poisoned.
The orc priest shouts!
Unknown command.
You see here a leopard gecko skeleton.
Quiver which item? (- for none, * to show all) (? for menu, Esc to quit)
Quivering
e - 2 curare-tipped darts for throwing.
You start waiting.
The orc priest is too close now for your liking.
Throwing (i - inventory. (/) - cycle)
e - 2 curare-tipped darts (quivered)
Press: ? - help, Shift-Dir - straight line, f/p - orc priest
Aim: an orc priest (almost dead, poisoned)
You throw a curare-tipped dart.
The curare-tipped dart completely misses the orc priest.
Unknown command.
The orc priest mumbles some strange prayers to Beogh against you.
Beogh smites you!
You completely miss the orc priest.
You headbutt the orc priest, but do no damage.
The orc priest is almost dead.
The orc priest barely misses you.
You hit the orc priest.
You kill the orc priest!
Your Throwing skill increases to level 4!
You start resting.
Eating a chunk of flesh.
You eat the chunk of flesh.
This raw flesh tastes terrible.
The orc priest is too close now for your liking.
Unknown command.
Unknown command.
Throwing (i - inventory. (/) - cycle)
e - a curare-tipped dart (quivered)
Press: ? - help, Shift-Dir - straight line, f - orc priest
Aim: an orc priest (hasn't noticed you)
You throw a curare-tipped dart.
The curare-tipped dart completely misses the orc priest.
The orc priest shouts!
The orc priest hits you.
Unknown command.
Throwing (i - inventory)
d - 3 poisoned darts (quivered)
Press: ? - help, Shift-Dir - straight line, f/p - orc priest
Aim: an orc priest You throw a poisoned dart.
The poisoned dart closely misses the orc priest.
Unknown command.
You hit the orc priest.
The orc priest is moderately wounded.
The orc priest calls down the wrath of Beogh upon you.
Beogh smites you!
You barely miss the orc priest.
The orc priest is moderately wounded.
The orc priest hits you.
Unknown command.
Throwing (i - inventory)
d - 2 poisoned darts (quivered)
Press: ? - help, Shift-Dir - straight line, f/p - orc priest
Aim: an orc priest (moderately wounded)
You throw a poisoned dart. The poisoned dart hits the orc priest.
The orc priest is moderately wounded.
The orc priest calls down the wrath of Beogh upon you.
Beogh smites you!
* * * LOW HITPOINT WARNING * * *
Unknown command.
Unknown command.
Unknown command.
It was a potion of resistance.
You feel protected. The orc priest hits you.
* * * LOW HITPOINT WARNING * * *
Unknown command.
It was a potion of agility.
You feel agile all of a sudden.
The orc priest mumbles some strange prayers to Beogh against you.
Pain shoots through your body!
You die...

############.(.....#
..#######.o.<...#
.......<........#
................#
................#
####+##########'#### ##
........o.........# .....
........#########o##..###
.......## #.รท@.......#
..>....# ###.##...#.#
.......'..o.o#........... .
.......#.8o8.###.##...... ..
.......##.$.####.##.#####...
........ #####..............
........ ..#######........
........ ........#..####..
......... #....#........


You could see an orc priest.

Vanquished Creatures
  An orc priest (D:3)
  5 adders
  2 dart slugs (D:1)
  A leopard gecko (D:3)
  A giant cockroach (D:2)
  2 goblins
  8 hobgoblins
  A ball python (D:1)
  6 bats
  A frilled lizard (D:2)
  4 kobolds
  3 rats
35 creatures vanquished.

Notes
Turn   | Place    | Note
-------+----------+-------------------------------------------
     0 | D:1      | magipi the Minotaur Assassin began the quest for the Orb.
     0 | D:1      | Reached XP level 1. HP: 18/18 MP: 0/0
   258 | D:1      | Reached XP level 2. HP: 25/25 MP: 1/1
   845 | D:1      | Reached skill level 3 in Throwing
  1027 | D:2      | Reached XP level 3. HP: 23/31 MP: 2/2
  1526 | D:2      | Found a radiant altar of Vehumet.
  1579 | D:2      | Reached XP level 4. HP: 38/38 MP: 3/3
  1905 | D:3      | Found a roughly hewn altar of Beogh.
  2002 | D:3      | Reached skill level 4 in Throwing
  2058 | D:3      | Killed from afar by an orc priest

Levels and vault maps discovered:
D:1:      elethiomel_arrival_shortcut, layout_loops_ring, serial_bayou,
          serial_bayou_lagoon_a, serial_bayou_lagoon_b, serial_bayou_ford_a,
          serial_bayou_shore_a
D:2:      layout_basic, lemuel_coloured_pillars_altar, first_ration
D:3:      layout_basic, nicolae_ru_awakened_eye, nicolae_overflow_hidden_temple,
          nicolae_dithmenos_shadow_blocks, kennysheep_orc_chapel

Skill      XL: |  1  2  3  4 |
---------------+-------------+-----
Fighting       | 3 |  3.9
Throwing       | 3 4 |  4.2
Short Blades   | |  2.1
Dodging        | |  1.1
Stealth        | |  3.2

Action                   |  1- 3 |  4- 6 || total
-------------------------+-------+-------++-------
Melee: Dagger            |    65 |    17 ||    82
       Headbutt          |     9 |     3 ||    12
Throw: Dart              |     6 |     8 ||    14
  Use: Potion            |       |     2 ||     2
 Stab: Sleeping          |     5 |     2 ||     7
  Eat: Chunk             |     2 |     2 ||     4
Armor: Robe              |     7 |       ||     7
       Leather armour    |     4 |     5 ||     9
       Ring mail         |       |     3 ||     3
Dodge: Dodged            |    30 |     5 ||    35

Action                   |  1- 3 |  4- 6 || total
-------------------------+-------+-------++-------
Melee: Dagger            |    65 |    17 ||    82
       Headbutt          |     9 |     3 ||    12
Throw: Dart              |     6 |     8 ||    14
  Use: Potion            |       |     2 ||     2
 Stab: Sleeping          |     5 |     2 ||     7
  Eat: Chunk             |     2 |     2 ||     4
Armor: Robe              |     7 |       ||     7
       Leather armour    |     4 |     5 ||     9
       Ring mail         |       |     3 ||     3
Dodge: Dodged            |    30 |     5 ||    35
